 Dungeon Crawl Stone Soup version 0.30-a0-331-g8ab09dc110 (webtiles) character file.

Game seed: 15314809404687489921

191 RascalDebosk the Shooter (level 6, -1/35 HPs)
             Began as a Kobold Hunter on Oct 29, 2022.
             Was a Believer of Fedhas.
             Slain by a gnoll bouda
             ... wielding a +0 club
              (7 damage)
             ... on level 4 of the Dungeon.
             The game lasted 00:15:29 (2795 turns).

RascalDebosk the Shooter (Kobold Hunter)            Turns: 2795, Time: 00:15:30

Health: -1/35      AC:  4    Str:  8    XL:     6   Next: 1%
Magic:  6/6        EV: 14    Int: 13    God:    Fedhas [**....]
Gold:   126        SH:  0    Dex: 18    Spells: 5/5 levels left

rFire   . . .      SeeInvis .    b - +0 shortbow
rCold   . . .      Faith    .    (shield currently unavailable)
rNeg    . . .      Spirit   .    c - +0 leather armour
rPois   .          Reflect  .    (no helmet)
rElec   .          Harm     .    (no cloak)
rCorr   .          Rampage  .    k - +0 pair of gloves
Will    .....                    (no boots)
Stlth   ++++......               (no amulet)
HPRegen 0.25/turn                (no ring)
MPRegen 0.10/turn                (no ring)

@: weakened
A: small, no large weapons, nightstalker 3
a: Renounce Religion, Wall of Briars


You were on level 4 of the Dungeon.
You worshipped Fedhas.
Fedhas was pleased with you.
You visited 1 branch of the dungeon, and saw 4 of its levels.

You collected 126 gold pieces.

Inventory:

Hand Weapons
 b - a +0 shortbow (weapon)
Armour
 c - a +0 leather armour (worn)
 k - a +0 pair of gloves (worn)
Jewellery
 o - a ring of fire
Wands
 m - a wand of roots (10)
Scrolls
 a - a scroll of immolation
 d - 4 scrolls of identify {unknown}
 e - a scroll of amnesia {unknown}
 f - a scroll of poison
 g - a scroll of fear {unknown}
 j - a scroll of magic mapping {unknown}
 l - a scroll of enchant weapon {unknown}
 n - a scroll of vulnerability {unknown}
 t - 4 scrolls of teleportation
Potions
 h - a potion of degeneration {unknown}
 i - a potion of curing {unknown}
 p - a potion of brilliance {unknown}


   Skills:
 - Level 2.1 Fighting
 + Level 7.3 Ranged Weapons
 - Level 2.4 Dodging
 + Level 5.5 Stealth


You had 5 spell levels left.
You didn't know any spells.
Your spell library was empty.

Dungeon Overview and Level Annotations

Branches:
Dungeon (4/15)
 Temple: D:4-7

Altars:
Fedhas
Xom


Innate Abilities, Weirdness & Mutations

You are small and have problems with some larger weapons.
You are completely attuned to the shadows.


Message History

You shoot an arrow. The arrow hits the gnoll!
The gnoll is severely wounded.
You hear a shout! x2; You hear a bark!
Fire: b) +0 shortbow
Press: ? - help, Q - select action, (/) - cycle Shift-Dir - straight line, f/p - gnoll
Aim: a gnoll, wielding a +0 spear (severely wounded, 69% to hit)
You shoot an arrow. The arrow hits the gnoll.
You kill the gnoll!
Fedhas appreciates your contribution to the ecosystem.
You hear a shout!
A gnoll comes into view. It is wielding a +0 whip.
Fire: b) +0 shortbow
Press: ? - help, Q - select action, (/) - cycle Shift-Dir - straight line, f - gnoll
Aim: a gnoll, wielding a +0 whip (69% to hit)
You shoot an arrow. The arrow hits the gnoll!
The gnoll is heavily wounded.
A hound comes into view.
A gnoll bouda comes into view. It is wielding a +0 club.
Fire: b) +0 shortbow
Press: ? - help, Q - select action, (/) - cycle Shift-Dir - straight line, f/p - gnoll
Aim: a gnoll, wielding a +0 whip (heavily wounded, 69% to hit)
You shoot an arrow. The arrow hits the gnoll.
You kill the gnoll!
Fedhas appreciates your contribution to the ecosystem.
A gnoll comes into view. It is wielding a +0 whip. x2
The gnoll bouda barks out a call to the hunt!
The gnolls pick up the pace!
You have reached level 6!
There is an open door here.
The hound attacks as you move away! The hound bites you. The hound bites you.
Fire: b) +0 shortbow
Press: ? - help, Q - select action, (/) - cycle Shift-Dir - straight line, f - hound
Aim: a hound (56% to hit)
You shoot an arrow. The arrow closely misses the hound.
The hound bites you.
Fire: b) +0 shortbow
Press: ? - help, Q - select action, (/) - cycle Shift-Dir - straight line, f/p - hound
Aim: a hound (56% to hit)
You shoot an arrow. The arrow closely misses the hound.
The hound bites you. The hound barely misses you.
The gnoll hits you with a +0 whip.
* * * LOW HITPOINT WARNING * * *
Fire: b) +0 shortbow
Press: ? - help, Q - select action, (/) - cycle Shift-Dir - straight line, f/p - hound
Aim: a hound (56% to hit)
You shoot an arrow. The arrow misses the hound.
The hound misses you. The gnoll hits you with a +0 whip.
* * * LOW HITPOINT WARNING * * *
The hound closely misses you.
Fire: b) +0 shortbow
Press: ? - help, Q - select action, (/) - cycle Shift-Dir - straight line, f/p - hound
Aim: a hound (56% to hit)
You shoot an arrow. The arrow misses the hound.
The hound barely misses you. The gnoll barely misses you.
The hound barely misses you.
Unknown command.
Fire: b) +0 shortbow
Press: ? - help, Q - select action, (/) - cycle Shift-Dir - straight line, f/p - hound
Aim: a hound (56% to hit)
You shoot an arrow. The arrow completely misses the hound.
The gnoll barely misses you. The hound bites you.
* * * LOW HITPOINT WARNING * * *
Fire: b) +0 shortbow
Press: ? - help, Q - select action, (/) - cycle Shift-Dir - straight line, f/p - hound
Aim: a hound (56% to hit)
You shoot an arrow. The arrow misses the hound.
The arrow closely misses the gnoll bouda.
The hound bites you.
* * * LOW HITPOINT WARNING * * *
The gnoll closely misses you. The hound barely misses you.
Fire: b) +0 shortbow
Press: ? - help, Q - select action, (/) - cycle Shift-Dir - straight line, f/p - hound
Aim: a hound (56% to hit)
You shoot an arrow.
The arrow hits the hound but does no damage.
The hound closely misses you. x2
Unknown command.
Fire: b) +0 shortbow
Press: ? - help, Q - select action, (/) - cycle Shift-Dir - straight line, f/p - hound
Aim: a hound (56% to hit)
You shoot an arrow. The arrow hits the hound.
The hound is heavily wounded.
The hound bites you.
* * * LOW HITPOINT WARNING * * *
The gnoll bouda gazes fiercely through you!
You feel your attacks grow feeble. The hound bites you but does no damage.
Fire: b) +0 shortbow
Press: ? - help, Q - select action, (/) - cycle Shift-Dir - straight line, f/p - hound
Aim: a hound (heavily wounded, 56% to hit)
You shoot an arrow.
The arrow hits the hound but does no damage.
The hound is heavily wounded.
The hound closely misses you.
The gnoll bouda gazes fiercely through you!
You feel as though you will be weak longer.
The gnoll bouda hits you with a +0 club!
You die...
Fedhas appreciates your contribution to the ecosystem.

########## #........#
#........# .........#
#......+
.........####.)....#
.........'..+......+
.........#..#...gg.#
.........##.....@h.#
.........###.#####g####
.. ......# #...........
#. #...........
##..g)...... ..)g......
# ......... + #


You could see a gnoll bouda, a hound and 2 gnolls.

Vanquished Creatures
  An orc priest (D:4)
  An orc wizard (D:3)
  2 gnolls (D:4)
  6 adders
  A worm (D:2)
  A dart slug (D:4)
  5 orcs
  6 ball pythons
  10 endoplasms
  A goblin (D:1)
  5 hobgoblins
  A quokka (D:2)
  5 bats
  4 frilled lizards
  6 kobolds
  6 rats
61 creatures vanquished.

Notes
Turn   | Place    | Note
-------+----------+-------------------------------------------
     0 | D:1      | RascalDebosk the Kobold Hunter began the quest for the Orb.
     0 | D:1      | Reached XP level 1. HP: 12/12 MP: 1/1
    80 | D:1      | Reached XP level 2. HP: 17/17 MP: 2/2
   302 | D:1      | Found a faded altar of an unknown god.
   323 | D:1      | Prayed at the altar of an unknown god.
   323 | D:1      | Became a worshipper of Fedhas Madash
   323 | D:1      | Reached * piety under Fedhas
   635 | D:1      | Reached XP level 3. HP: 21/21 MP: 3/3
   716 | D:2      | Reached skill level 6 in Ranged Weapons
   957 | D:2      | Found a shimmering altar of Xom.
  1040 | D:2      | Reached XP level 4. HP: 26/26 MP: 4/4
  1133 | D:2      | Reached ** piety under Fedhas
  2186 | D:3      | Reached XP level 5. HP: 30/30 MP: 5/5
  2293 | D:3      | Reached skill level 7 in Ranged Weapons
  2293 | D:3      | Reached skill level 5 in Stealth
  2784 | D:4      | Reached XP level 6. HP: 35/35 MP: 6/6
  2795 | D:4      | Slain by a gnoll bouda

Illustrated notes

Levels and vault maps discovered:
D:1:      roderic_crop_circles_arrival_small, layout_basic, serial_curves,
          eino_curves_04, eino_curves_01, basic_ecumenical_altar
D:2:      layout_basic, basic_altar, hex_intersection, minivault_26,
          hangedman_decor_points
D:3:      layout_loops_ring, minmay_misc_feat_doors
D:4:      layout_basic, ebering_ghost_rock_garden

Skill      XL: |  1  2  3  4  5 |
---------------+----------------+-----
Stealth        | 2 3 4 5 |  5.5
Ranged Weapons | 6 7 |  7.3
Fighting       | |  2.1
Dodging        | |  2.4

Action                   |  1- 3 |  4- 6 || total
-------------------------+-------+-------++-------
 Fire: Shortbow          |    67 |   105 ||   172
  Use: Scroll            |       |     2 ||     2
Armor: Leather armour    |     2 |    19 ||    21
Dodge: Dodged            |    18 |    59 ||    77

Table legend: (Time is in decaauts)
 A = Elapsed time spent in this place.
 B = Non-inter-level travel time spent in this place.
 C = Inter-level travel time spent in this place.
 D = Time resting spent in this place.
 E = Time spent auto-exploring this place.
 F = Levels seen in this place.
 G = Mean time per level.
                   A        B        C        D        E       F      G
               +--------+--------+--------+--------+--------+-----+--------+
         Total |   2847 |   2791 |     56 |      2 |   2352 |   4 |  711.8 |
       Dungeon |   2847 |   2791 |     56 |      2 |   2352 |   4 |  711.8 |
               +--------+--------+--------+--------+--------+-----+--------+

Top non-repeatable levels by time:
     D:2: 1067 daAuts
     D:3: 778 daAuts
     D:1: 729 daAuts
     D:4: 271 daAuts
